AoeStats
← 欢乐小菜鸟

Arena

507008028Analyzed
4v4 RM · 15d ago on Sep 16, 2026· 50m 49s· 8 players
Game mode
Random Map
Map size
Large (8 player)
Population
200
Speed
Normal
Resources
Standard
Victory
Conquest
Starting age
Dark Age
Ending age
Imperial Age
RankedLock teamsTeams togetherTeam positionsShared explorationLock speedFull tech treeHidden civsTurbo modeCheats
Victory
Defeat
🇲🇽 Spanish · Mexico
1095
+16
🇨🇱 Ethiopians · Chile
1093
+16
🇨🇦 Celts · Canada
1030
+18
🇲🇽 Khmer · Mexico
985
+20
🇨🇴 Tatars · Colombia
1195
-23
🇫🇷 Romans · France
1158
-20
🇵🇪 Gurjaras · Peru
996
-14
🇨🇳 Slavs · China
976
-13
humbertoliva
11:28 Feudal Age
9:44 Loom
15:50 Castle Age
37:33 Horse Collar
38:49 Double-Bit Axe
38:42 Pikeman
39:46 Fortified Wall
43:57 Wheelbarrow
45:05 Squires
45:27 Bow Saw
48:28 Hand Cart
47:46 Elite Skirmisher
53:19 Imperial Age
dafr1997
12:36 Feudal Age
15:43 Castle Age
14:23 Horse Collar
17:59 Double-Bit Axe
19:02 Husbandry
19:15 Bloodlines
20:27 Loom
20:56 Bow Saw
26:13 Wheelbarrow
25:46 Heavy Plow
25:40 Town Watch
27:05 Stone Mining
27:08 Gold Mining
28:43 Scale Barding Armor
28:49 Forging
31:05 Chain Barding Armor
31:23 Iron Casting
31:26 Hand Cart
31:35 Town Patrol
35:22 Stone Shaft Mining
35:24 Gold Shaft Mining
38:35 Imperial Age
37:10 Light Cavalry
39:26 Tusk Swords
40:17 Conscription
40:40 Caravan
41:35 Fletching
42:21 Plate Barding Armor
42:47 Blast Furnace
43:17 Onager
44:23 Capped Ram
45:23 Bodkin Arrow
46:36 Crop Rotation
48:50 Siege Ram
Mo-Sacra
10:17 Feudal Age
10:45 Double-Bit Axe
10:42 Horse Collar
16:51 Castle Age
17:58 Bow Saw
17:50 Heavy Plow
22:13 Wheelbarrow
21:27 Loom
23:08 Scale Mail Armor
24:04 Hand Cart
24:17 Pikeman
26:13 Gold Mining
26:28 Pikeman
26:54 Arson
27:28 Chain Mail Armor
27:24 Forging
30:05 Iron Casting
29:31 Town Watch
32:34 Imperial Age
31:05 Fletching
31:08 Treadmill Crane
31:24 Murder Holes
31:41 Masonry
31:51 Ballistics
31:42 Fortified Wall
32:26 Town Patrol
33:02 Capped Ram
34:50 Plate Mail Armor
35:21 Blast Furnace
34:16 Bodkin Arrow
34:30 Siege Engineers
36:47 Gold Shaft Mining
35:58 Siege Ram
36:56 Stone Mining
36:37 Heavy Scorpion
41:28 Onager
42:04 Elite Woad Raider
42:55 Furor Celtica
42:57 Siege Onager
46:27 Chemistry
Jaimelens
10:17 Loom
12:27 Feudal Age
13:37 Horse Collar
13:47 Double-Bit Axe
16:18 Castle Age
18:08 Bow Saw
20:53 Heavy Plow
22:43 Wheelbarrow
26:17 Stone Mining
26:21 Gold Mining
27:40 Stone Shaft Mining
27:44 Gold Shaft Mining
27:27 Hand Cart
28:19 Ballistics
27:57 Fletching
31:07 Imperial Age
28:25 Town Watch
28:45 Padded Archer Armor
28:56 Bodkin Arrow
29:40 Murder Holes
29:50 Town Patrol
30:27 Thumb Ring
30:41 Leather Archer Armor
29:55 Crossbowman
31:07 Fortified Wall
32:49 Chemistry
31:52 Bracer
32:23 Ring Archer Armor
31:54 Arbalester
35:04 Conscription
37:50 Forging
37:41 Scale Mail Armor
38:21 Halberdier
39:54 Iron Casting
39:35 Chain Mail Armor
40:27 Squires
40:13 Arson
42:28 Blast Furnace
45:30 Elite Skirmisher
48:14 Torsion Engines
Gompachiro
10:59 Feudal Age
12:54 Fletching
18:36 Castle Age
18:13 Padded Archer Armor
18:12 Double-Bit Axe
18:09 Horse Collar
22:22 Leather Archer Armor
24:10 Loom
34:45 Bodkin Arrow
40:20 Imperial Age
38:37 Wheelbarrow
39:24 Gold Mining
40:06 Hand Cart
40:51 Ballistics
41:12 Bow Saw
42:18 Chemistry
41:54 Ring Archer Armor
42:51 Town Watch
44:14 Bracer
44:44 Guilds
44:11 Heavy Cavalry Archer
49:28 Masonry
48:58 Treadmill Crane
50:08 Forging
50:07 Scale Barding Armor
ILLYRIAN A1B
2:00 Loom
12:46 Feudal Age
13:17 Double-Bit Axe
20:14 Castle Age
17:59 Horse Collar
21:15 Heavy Plow
26:18 Man-at-Arms
27:41 Bow Saw
29:17 Ballistas
28:37 Long Swordsman
29:29 Scale Mail Armor
30:03 Ballistics
30:24 Squires
32:19 Chain Mail Armor
32:15 Forging
32:37 Pikeman
39:50 Imperial Age
37:53 Masonry
39:56 Heavy Scorpion
41:47 Crop Rotation
43:09 Iron Casting
42:47 Capped Ram
46:28 Siege Engineers
46:54 Architecture
Gerar1309
0:53 Loom
10:15 Feudal Age
18:23 Forging
21:11 Castle Age
20:39 Horse Collar
20:48 Double-Bit Axe
25:34 Forging
29:19 Imperial Age
27:15 Gold Mining
27:16 Town Watch
27:23 Stone Mining
28:20 Treadmill Crane
29:50 Wheelbarrow
30:02 Scale Mail Armor
31:29 Conscription
31:43 Heavy Plow
34:03 Kshatriyas
34:42 Iron Casting
35:03 Scale Barding Armor
35:58 Bloodlines
35:48 Husbandry
37:27 Chain Mail Armor
43:17 Hand Cart
43:04 Town Patrol
44:08 Plate Mail Armor
44:28 Arson
欢乐小菜鸟
12:04 Feudal Age
16:40 Castle Age
14:43 Double-Bit Axe
14:57 Horse Collar
18:04 Bow Saw
24:02 Wheelbarrow
25:53 Hand Cart
26:30 Loom
26:30 Town Watch
30:09 Imperial Age
28:00 Bloodlines
27:52 Husbandry
28:01 Scale Barding Armor
27:52 Gold Mining
27:58 Stone Mining
28:37 Detinets
29:29 Gold Shaft Mining
29:23 Chain Barding Armor
29:58 Forging
32:14 Two-Man Saw
31:05 Elite Boyar
32:06 Conscription
32:25 Heavy Plow
34:36 Plate Barding Armor
34:02 Capped Ram
35:17 Siege Ram
37:45 Iron Casting
37:01 Fletching
37:27 Light Cavalry
40:54 Druzhina
41:38 Siege Engineers
41:54 Ballistics
42:34 Chemistry
41:30 Murder Holes
41:45 Masonry
42:13 Hoardings
42:19 Hoardings
43:52 Pikeman
44:33 Squires
44:25 Halberdier
49:38 Scale Mail Armor
50:38 Blast Furnace
Connection lost

Rejoining the realm…

Still unreachable

The connection could not be restored.

Session expired

The server has moved on; the page needs a fresh start.